 Dungeon Crawl Stone Soup version 0.28.0-47-ge53b351184 (webtiles) character file.

Game seed: 15910509329470316500

2086 Bruhh the Thaumaturge (level 9, 0/63 HPs)
             Began as a Djinni Fire Elementalist on Apr 28, 2022.
             Slain by a killer bee (2 damage)
             ... on level 7 of the Dungeon.
             The game lasted 00:11:25 (10401 turns).

Bruhh the Thaumaturge (Djinni Fire Elementalist)   Turns: 10401, Time: 00:11:26

Health: 0/63       AC:  2    Str:  7    XL:     9   Next: 51%
Gold:   321        EV: 14    Int: 22    God:
                   SH:  0    Dex: 13

rFire   + + .      SeeInvis .   (no weapon)
rCold   x . .      Faith    .   (no shield)
rNeg    . . .      Spirit   .   a - +0 robe
rPois   ∞          Reflect  .   v - +0 hat
rElec   .          Harm     .   (no cloak)
rCorr   .          Rampage  .   (no gloves)
Will    .....                   (boots unavailable)
Stlth   ++........              (no amulet)
HPRegen 0.20/turn               f - ring of wizardry
MPRegen 0.00/turn               (no ring)

@: swift, flying, very quick
A: sickness immunity, fire resistance 2, cold vulnerability 1, float, innate
caster, HP casting, extra vitality 1
a: no special abilities


You were on level 7 of the Dungeon.
You visited 1 branch of the dungeon, and saw 7 of its levels.
You also visited: Sewer.

You collected 321 gold pieces.

Inventory:

Missiles
 B - a throwing net
 C - 4 curare-tipped darts
Armour
 a - a +0 robe (worn)
 v - a +0 hat (worn)
Jewellery
 f - a ring of wizardry (left hand)
Scrolls
 b - 2 scrolls of vulnerability {unknown}
 c - 2 scrolls of immolation {unknown}
 d - 4 scrolls of fear {unknown}
 e - a scroll of torment {unknown}
 g - 2 scrolls of magic mapping {unknown}
 h - a scroll of acquirement {unknown}
 j - 7 scrolls of identify {unknown}
 l - a scroll of noise {unknown}
 n - 2 scrolls of teleportation {unknown}
 o - a scroll of brand weapon {unknown}
 s - 2 scrolls of enchant armour {unknown}
 y - a scroll of fog {unknown}
Potions
 i - a potion of ambrosia {unknown}
 k - 3 potions of heal wounds {unknown}
 m - a potion of curing {unknown}
 p - 3 potions of brilliance {unknown}
 q - 2 potions of flight {unknown}
 r - a potion of berserk rage {unknown}
 t - a potion of resistance {unknown}
 u - 2 potions of lignification {unknown}
 w - a potion of attraction {unknown}
 x - a potion of mutation {unknown}
 z - a potion of degeneration {unknown}
 A - a potion of haste {unknown}


   Skills:
 + Level 4.4 Fighting
 + Level 5.4 Dodging
 - Level 1.5 Stealth
 - Level 8.1 Spellcasting


You had 2 spell levels left.
You knew the following spells:

 Your Spells              Type           Power      Damage    Failure   Level
a - Foxfire               Conj/Fire      100%       2x1d9     1%          1
b - Scorch                Fire           88%        2d9       1%          2
c - Conjure Flame         Conj/Fire      44%        6-21      1%          3
d - Inner Flame           Hex/Fire       44%        N/A       1%          3
e - Flame Wave            Conj/Fire      44%        2d10      1%          4
f - Apportation           Tloc           88%        N/A       1%          1
g - Corpse Rot            Necr/Air       88%        N/A       1%          2
h - Confusing Touch       Hex            44%        N/A       1%          3
i - Swiftness             Air            44%        N/A       1%          3
Your spell library was empty.

Dungeon Overview and Level Annotations

Branches:
Dungeon (7/15)             Temple (0/1) D:6           Sewer (visited)

Altars:
Cheibriados
Dithmenos
Elyvilon
Fedhas
Kikubaaqudgha
Nemelex Xobeh
Okawaru
Sif Muna
Uskayaw
Wu Jian
Zin
The Shining One

Shops:
D:2 [   D:4 =


Innate Abilities, Weirdness & Mutations

You are immune to sickness and miasma.
You are immune to poison.
Your flesh is very heat resistant. (rF++)
You are vulnerable to cold. (rC-)
You float through the air rather than walking.
You learn spells naturally, not from books.
Your magical power is your life essence.
You have superior vitality. (+4 MHP)


Message History

The killer bee stings you.
A killer bee comes into view.
The killer bee stings you.
A killer bee comes into view.
Casting: Scorch (safe; 1% risk of failure)
Confirm with . or Enter, or press ? or * to list all spells.
You feel quick.
The killer bee stings you but does no damage.
The killer bee closely misses you. The killer bee misses you.
The killer bee barely misses you. The killer bee closely misses you.
The killer bee is no longer more vulnerable to fire.
The killer bee closely misses you. The killer bee misses you.
The killer bee completely misses you.
There is a stone staircase leading down here.
Casting: Swiftness (safe; 1% risk of failure)
Confirm with . or Enter, or press ? or * to list all spells.
Casting: Flame Wave (dangerous; 1% risk of failure)
Press: ? - help, Dir - look around, f - activate A wave of flame ripples out!
The flame wave engulfs the killer bee.
The killer bee is moderately wounded.
The flame wave engulfs the killer bee!
The killer bee is almost dead. (Press . to intensify the flame waves.)
The killer bee completely misses you. The killer bee closely misses you.
The killer bee stings you but does no damage.
The killer bee misses you.
A wave of flame ripples out!
The flame wave engulfs the killer bee!
The killer bee is almost dead.
The flame wave engulfs the killer bee!
You kill the killer bee!
The flame wave engulfs the killer bee!
You kill the killer bee!
The killer bee stings you!
* * * LOW HITPOINT WARNING * * *
The killer bee stings you!
* * * LOW HITPOINT WARNING * * *
The killer bee stings you but does no damage.
The killer bee stings you.
You die...

##...#### ###.### #...#
#.....# #...# #...#.# #...#
#.....# #...######.....#
###### ##........).....##
.....#
..........)).....####.....#
..........................##
...........##...@y.>.†......
##.........##..#####†......#
#...########..#####.#####.#
#...# #.#....##.# # #...#
##..##.##.# ##.# #...#
#####.......##.....
#..................
#.###.##.#.....#.##
#.##.....#.#


You could see a killer bee.

Vanquished Creatures
  Prince Ribbit (D:7)
  A steam dragon (D:7)
  2 ice beasts (D:6)
  A black bear (D:5)
  A necrophage (D:5)
  An ogre (D:5)
  A centaur (D:6)
  A phantom (D:6)
  A bullfrog (D:6)
  A wyvern skeleton (D:7)
  A scorpion (D:6)
  2 water moccasin skeletons
  3 killer bees (D:7)
  2 centaur zombies (D:7)
  4 hounds
  3 orc priests
  A centaur skeleton (D:5)
  A jelly (D:4)
  5 orc wizards
  2 iguanas (D:6)
  A hell rat (Sewer)
  4 gnolls (D:5)
  7 adders
  2 river rats (Sewer)
  A shadow imp (D:5)
  A white imp (D:6)
  An ufetubus (D:5)
  2 adder skeletons (D:4)
  A dart slug (D:2)
  21 orcs
  4 bats
  4 endoplasms
  8 giant cockroaches
  4 hobgoblins
  2 kobolds
  5 quokkas
  8 ball pythons
  A frilled lizard (D:2)
  3 goblins
  9 rats
124 creatures vanquished.

Vanquished Creatures (others)
  25 foxfires (D:1)
25 creatures vanquished.

Grand Total: 149 creatures vanquished

Notes
Turn   | Place    | Note
-------+----------+-------------------------------------------
     0 | D:1      | Bruhh the Djinni Fire Elementalist began the quest for the
                  | Orb.
     0 | D:1      | Reached XP level 1. HP: 15/15 MP: 0/0
   720 | D:1      | Reached XP level 2. HP: 21/21 MP: 0/0
  1228 | D:1      | Found a faded altar of an unknown god.
  1464 | D:2      | Reached skill level 3 in Spellcasting
  2100 | D:2      | Reached XP level 3. HP: 16/25 MP: 0/0
  2100 | D:2      | Learned a level 1 spell: Apportation
  2580 | D:2      | Found Kafuruol's Armour Shoppe.
  3291 | D:3      | Reached XP level 4. HP: 16/31 MP: 0/0
  3487 | D:3      | Found a blossoming altar of Fedhas.
  3547 | D:3      | Found a white marble altar of Elyvilon.
  3547 | D:3      | Found a glowing golden altar of the Shining One.
  3548 | D:3      | Found a glowing silver altar of Zin.
  3926 | D:4      | Reached skill level 4 in Spellcasting
  4008 | D:4      | Found a glowing drain.
  4126 | Sewer    | Entered a sewer
  4131 | Sewer    | Reached XP level 5. HP: 33/35 MP: 0/0
  4131 | Sewer    | Learned a level 2 spell: Corpse Rot
  4707 | D:4      | Found an ornate altar of the Wu Jian Council.
  4767 | D:4      | Found a sparkling altar of Nemelex Xobeh.
  5806 | D:4      | Found Inagiq's Jewellery Boutique.
  5817 | D:4      | Found a hide-covered altar of Uskayaw.
  5864 | D:4      | Reached skill level 5 in Spellcasting
  5864 | D:4      | Reached XP level 6. HP: 14/40 MP: 0/0
  6384 | D:5      | Entered Level 5 of the Dungeon
  6394 | D:5      | Noticed a black bear
  6405 | D:5      | Killed a black bear
  6406 | D:5      | Reached XP level 7. HP: 11/45 MP: 0/0
  6406 | D:5      | Learned a level 3 spell: Confusing Touch
  6445 | D:5      | HP: 1/45 [orc wizard/+0 dagger (1)]
  6983 | D:5      | Found an iron altar of Okawaru.
  7193 | D:5      | Reached skill level 6 in Spellcasting
  7757 | D:5      | Reached XP level 8. HP: 30/50 MP: 0/0
  7901 | D:5      | Reached skill level 7 in Spellcasting
  8421 | D:6      | Found a snail-covered altar of Cheibriados.
  8528 | D:6      | Found a staircase to the Ecumenical Temple.
  8791 | D:6      | Reached skill level 8 in Spellcasting
  9343 | D:6      | Reached skill level 1 in Fighting
  9456 | D:7      | Reached XP level 9. HP: 33/58 MP: 0/0
  9456 | D:7      | Learned a level 3 spell: Swiftness
  9766 | D:7      | Noticed Prince Ribbit
  9775 | D:7      | Killed Prince Ribbit
 10184 | D:7      | Found a shadowy altar of Dithmenos.
 10310 | D:7      | Reached skill level 5 in Dodging
 10398 | D:7      | HP: 2/62 [killer bee (8)]
 10401 | D:7      | Slain by a killer bee

Illustrated notes

Levels and vault maps discovered:
D:1:      ncdulo_smallfort, layout_loops_corners,
          dreamdust_ecumenical_altar_hidden_monk_grotto,
          minmay_misc_feat_encased
D:2:      layout_basic, serial_shops,
          nicolae_shop_temple_entry_statues_fountains, minmay_crystal_room,
          minmay_distorted
D:3:      layout_rooms, good_gods_mini_temple, fedhas_altar_fruit_tree,
          nrook_uturn
D:4:      layout_gridville, mainiacjoe_overflow_boulevard,
          mainiacjoe_overflow_paths, minmay_overflow_temple_star_quad,
          gup_sewer_entry_pipe, serial_shops, nicolae_inconvenience_store,
          grunt_ministairs_4
D:5:      layout_loops_ring, mainiacjoe_overflow_alcove_2
D:6:      layout_basic, mainiacjoe_overflow_catwalk,
          minmay_temple_entry_from_below_a
D:7:      layout_loops_cross, nicolae_overflow_hidden_temple,
          uniq_crazy_yiuf_cottage, uniq_prince_ribbit1

Skill      XL: |  1  2  3  4  5  6  7  8  9 |
---------------+----------------------------+-----
Spellcasting   | 3 4 5 6 8 |  8.1
Fighting       | 1 4 |  4.4
Dodging        | 3 5 |  5.4
Stealth        | |  1.5

Action                   |  1- 3 |  4- 6 |  7- 9 || total
-------------------------+-------+-------+-------++-------
Melee: Unarmed           |    25 |     2 |     6 ||    33
 Cast: Foxfire           |    18 |       |       ||    18
       Scorch            |    32 |    58 |    92 ||   182
       Flame Wave        |       |     2 |     3 ||     5
       Inner Flame       |       |     3 |     6 ||     9
       Conjure Flame     |       |       |     1 ||     1
       Swiftness         |       |       |     1 ||     1
Armor: Robe              |     8 |     4 |     5 ||    17
Dodge: Dodged            |    22 |    10 |    32 ||    64
